 Dungeon Crawl Stone Soup version 0.26.0-20-g3ca415f5b8 (webtiles) character file.

Game seed: 9706402741876638018

13722 kaeus the Arsonist (level 12, -18/108 HPs)
             Began as a Gargoyle Fire Elementalist on Jan 25, 2021.
             Was an Elder of Vehumet.
             Demolished by a polar bear (21 damage)
             ... on level 1 of the Lair of Beasts.
             The game lasted 00:33:00 (20441 turns).

kaeus the Arsonist (Gargoyle Fire Elementalist)    Turns: 20441, Time: 00:33:00

Health: -18/108    AC: 30    Str: 11    XL:     12   Next: 9%
Magic:  0/23       EV:  2    Int: 22    God:    Vehumet [****..]
Gold:   634        SH:  6    Dex: 10    Spells: 8/25 levels left

rFire    + + +     SeeInvis .   m - staff of fire
rCold    . . .     Faith    .   p - +2 buckler
rNeg     + + +     Spirit   .   (armour currently unavailable)
rPois    ∞         Reflect  .   (helmet currently unavailable)
rElec    +         Harm     .   (cloak currently unavailable)
rCorr    +         Rampage  .   (gloves currently unavailable)
Will     +....     NoTele   +   (boots currently unavailable)
Stlth    ++........             j - amulet of the acrobat
HPRegen  0.28/turn              a - +4 ring of protection
MPRegen  0.18/turn              q - ring of fire

@: tree-form, resistant
A: strong-willed 1, negative energy resistance 1, robust 1, petrification
resistance, miasma immunity, MP-powered wands, AC +8
a: Renounce Religion


You were on level 1 of the Lair of Beasts.
You worshipped Vehumet.
Vehumet was greatly pleased with you.
You were a tree.
You visited 3 branches of the dungeon, and saw 12 of its levels.
You also visited: Bailey.

You collected 742 gold pieces.
You spent 108 gold pieces at shops.

Inventory:

Armour
 h - a +0 helmet (melded)
 i - a +3 ring mail (melded)
 n - a +2 cloak (melded)
 p - a +2 buckler (worn)
 s - a +1 ring mail of fire resistance
 u - a +3 scale mail
 z - a +0 pair of boots (melded)
 C - a +0 pair of gloves (melded)
Magical Staves
 m - an uncursed staff of fire (weapon)
Jewellery
 a - a +4 ring of protection (left branch)
 j - an amulet of the acrobat (around neck)
 q - a ring of fire (right branch)
 y - an uncursed amulet of reflection
 A - an uncursed ring of stealth
Wands
 D - a wand of acid (9)
Scrolls
 b - 5 scrolls of identify
 c - 2 scrolls of amnesia
 d - a scroll of fear
 e - 6 scrolls of teleportation
 f - 2 scrolls of acquirement
 g - 2 scrolls of blinking
 k - 3 scrolls of brand weapon
 o - 2 scrolls of magic mapping
 w - 2 scrolls of remove curse
 B - a scroll of fog
Potions
 l - 2 potions of flight
 r - a potion of brilliance
 t - a potion of lignification
 x - a potion of curing
 E - a potion of ambrosia


   Skills:
 + Level 4.1 Fighting
 + Level 4.0 Staves
 + Level 4.3 Armour
 + Level 3.8 Dodging
 - Level 2.1 Stealth
 + Level 4.3 Shields
 + Level 7.3 Spellcasting
 + Level 11.0 Conjurations
 * Level 11.3 Fire Magic


You had 8 spell levels left.
You knew the following spells:

 Your Spells              Type           Power        Failure   Level
a - Foxfire               Conj/Fire      100%         1%          1
b - Conjure Flame         Conj/Fire      92%          1%          3
c - Sticky Flame          Conj/Fire      92%          1%          4
d - Fireball              Conj/Fire      46%          1%          5
e - Iskenderun's Mystic   Conj/Tloc      32%          2%          4

Your spell library contained the following spells:

 Spells                   Type           Power        Failure   Level
 Lightning Bolt           Conj/Air       16%          6%          5
 Magic Dart               Conj           100%         1%          1
 Searing Ray              Conj           100%         1%          2
 Dazzling Flash           Conj/Hex       64%          1%          3
 Inner Flame              Hex/Fire       65%          1%          3
 Fulminant Prism          Conj/Hex       16%          2%          4
 Beastly Appendage        Tmut           16%          8%          1
 Corona                   Hex            8%           8%          1
 Ensorcelled Hibernation  Hex/Ice        16%          12%         2
 Wereblood                Tmut           8%           12%         2
 Confusing Touch          Hex            8%           24%         3
 Spider Form              Tmut/Pois      4%           24%         3
 Tukima's Dance           Hex            8%           24%         3
 Ice Form                 Ice/Tmut       8%           61%         4
 Blade Hands              Tmut           4%           91%         5


Dungeon Overview and Level Annotations

Branches:
Dungeon (10/15)            Temple (1/1) D:5            Lair (1/6) D:8
    Orc (0/2) D:9          Bailey (visited)

Altars:
Ashenzari
Cheibriados
Dithmenos
Elyvilon
Fedhas
Gozag
Hepliaklqana
Kikubaaqudgha
Makhleb
Nemelex Xobeh
Okawaru
Qazlal
Ru
Sif Muna
Trog
Uskayaw
Vehumet
Wu Jian
Xom
Yredelemnul
Zin
The Shining One

Shops:
D:5 *([

Annotations:
D:5 3 runed translucent doors, kaeus's ghost, novice OpFi


Innate Abilities, Weirdness & Mutations

You are resistant to torment.
((Your stone body is resilient. (AC +8)))
You are immune to poison.
You resist negative energy. (rN+)
((You are resistant to electric shocks. (rElec)))
((You can survive without breathing.))
You are immune to petrification.
You are immune to miasma.
You are strong-willed. (Will+)
You are robust. (+10% HP)
You expend magic power (3 MP) to strengthen your wands.
((Your movements are slightly less encumbered by armour. (ER -2)))


Message History

The polar bear claws you but does no damage. x2
The black bear bites you but does no damage.
The black bear barely misses you.
The black bear claws you but does no damage.
The black bear bites you.
* * * LOW HITPOINT WARNING * * *
The black bear claws you but does no damage. x2
The polar bear bites you but does no damage.
The polar bear claws you but does no damage. x2
You feel better. You block the polar bear's attack.
The polar bear claws you but does no damage.
You block the polar bear's attack. The black bear bites you!
* * * LOW HITPOINT WARNING * * *
The black bear claws you but does no damage.
The black bear barely misses you.
Casting: Foxfire (safe; 1% risk of failure)
Confirm with . or Enter, or press ? or * to list all spells.
You feel a strong surge of power!
You conjure some foxfire!
The polar bear bites you!!
You die...

# ##.....# #..##......
############.....## ###..#.P.....
..)..............####...##P......
.####.#.#.#.......##....##.......
## ######.......##...........###
P# ##......#......#........ ##
#......#..#..###......( /#
#....v.#..#....#.P..... ##
#....v♣..†#..#.#...+... ##
#.....hh#...P#.#...#+#. .#
#......###..####.... . ## ###
##........#### .....
.###.#####..........
....................
.###.##....(...####. .#
####.......## .### #.......#


You could see a polar bear (berserk) and a black bear (berserk).

Vanquished Creatures
  A two-headed ogre (D:10)
  Urug (D:10)
  An orc sorcerer (Bailey)
  A centaur skeleton (D:10)
  A kobold demonologist (Bailey)
  2 cane toads (Lair:1)
  3 komodo dragons
  A troll (D:4)
  3 polar bears (Lair:1)
  12 yaks
  A basilisk (Lair:1)
  A wyvern (D:8)
  3 water moccasins (D:8)
  12 orc warriors
  2 ice beasts
  4 sky beasts
  5 black bears
  3 wolves (Lair:1)
  3 phantoms
  5 ogres
  5 centaurs
  Blork the orc (D:6)
  4 gnoll sergeants
  7 bullfrogs
  7 scorpions
  10 killer bees
  7 electric eels
  3 howler monkeys
  A centaur zombie (D:9)
  2 bullfrog zombies
  9 hounds
  4 jellies
  4 orc priests
  4 orc wizards
  A gnoll shaman (D:6)
  2 iguanas (D:8)
  15 worker ants
  A killer bee zombie (D:7)
  A hound zombie (D:5)
  A howler monkey zombie (D:9)
  10 adders
  30 gnolls
  A howler monkey skeleton (D:7)
  A shadow imp (D:6)
  2 white imps
  An ooze (D:1)
  2 adder skeletons
  5 worms
  3 dart slugs
  5 leopard geckos
  58 orcs
  3 ball pythons
  2 giant cockroaches
  13 goblins
  19 hobgoblins
  2 jackals (D:6)
  2 quokkas
  A bat (D:2)
  3 frilled lizards
  A jackal skeleton (D:6)
  10 kobolds
  2 leopard gecko zombies (D:5)
  A quokka zombie (D:5)
  4 rats
335 creatures vanquished.

Vanquished Creatures (collateral kills)
  18 foxfires
18 creatures vanquished.

Vanquished Creatures (others)
  A gnoll (Bailey)
  An adder (D:5)
  1333 foxfires
  56 fungi
  62 plants
1453 creatures vanquished.

Grand Total: 1806 creatures vanquished

Notes
Turn   | Place    | Note
-------+----------+-------------------------------------------
     0 | D:1      | kaeus the Gargoyle Fire Elementalist began the quest for
                  | the Orb.
     0 | D:1      | Reached XP level 1. HP: 10/10 MP: 3/3
   113 | D:1      | Reached XP level 2. HP: 15/15 MP: 0/5
   330 | D:1      | You fall into a shaft and drop 1 floor!
   682 | D:2      | Reached XP level 3. HP: 6/19 MP: 3/6
  1473 | D:2      | Reached XP level 4. HP: 22/24 MP: 2/7
  2470 | D:3      | Found a sparkling altar of Nemelex Xobeh.
  2654 | D:3      | Found a sacrificial altar of Ru.
  2673 | D:3      | Found a faded altar of an unknown god.
  2883 | D:3      | Found a broken altar of Ashenzari.
  2887 | D:3      | Found a hide-covered altar of Uskayaw.
  2887 | D:3      | Found an ancient bone altar of Kikubaaqudgha.
  2898 | D:3      | Found a radiant altar of Vehumet.
  2902 | D:3      | Found a glowing silver altar of Zin.
  2918 | D:3      | You fall into a shaft and drop 1 floor!
  2950 | D:4      | Noticed an ogre
  3030 | D:4      | Found an opulent altar of Gozag.
  3100 | D:5      | Entered Level 5 of the Dungeon
  3108 | D:5      | Reached XP level 5. HP: 14/28 MP: 3/9
  3466 | D:5      | Gained mutation: You are robust. (+10% HP) [potion of
                  | mutation]
  3466 | D:5      | Gained mutation: You expend magic power (3 MP) to
                  | strengthen your wands. [potion of mutation]
  3466 | D:5      | Gained mutation: Your movements are slightly less
                  | encumbered by armour. (ER -2) [potion of mutation]
  3466 | D:5      | Gained mutation: You are strong-willed. (Will+) [potion of
                  | mutation]
  3466 | D:5      | HP: 1/30 [worker ant (4)]
  3820 | D:4      | Killed an ogre
  3821 | D:4      | Reached XP level 6. HP: 35/35 MP: 4/10
  3955 | D:4      | Noticed a troll
  3982 | D:4      | Killed a troll
  3983 | D:4      | Reached skill level 5 in Conjurations
  3983 | D:4      | Reached skill level 5 in Fire Magic
  3983 | D:4      | Reached XP level 7. HP: 21/39 MP: 4/12
  5449 | D:5      | Found Ziwkefow's Antique Armour Boutique.
  5459 | D:5      | Bought a buckler for 108 gold pieces
  5468 | D:5      | Learned a level 3 spell: Conjure Flame
  5473 | D:5      | Learned a level 4 spell: Sticky Flame
  5479 | D:5      | Learned a level 5 spell: Fireball
  5740 | D:5      | Reached XP level 8. HP: 45/45 MP: 9/14
  5809 | D:5      | Found a staircase to the Ecumenical Temple.
  5867 | Temple   | Entered the Ecumenical Temple
  6015 | D:3      | Became a worshipper of Vehumet
  6138 | D:6      | Found an ornate altar of the Wu Jian Council.
  6670 | D:6      | Reached * piety under Vehumet
  6670 | D:6      | Offered knowledge of Magic Dart by Vehumet.
  7236 | D:6      | Noticed Blork the orc
  7243 | D:6      | Killed Blork the orc
  7841 | D:5      | Reached XP level 9. HP: 49/49 MP: 8/16
  8032 | D:5      | Found Loaserew's Weapon Shop.
  8065 | D:5      | Found a runed translucent gate.
  8065 | D:5      | Found a runed translucent gate.
  8065 | D:5      | Found a runed translucent gate.
  8066 | D:5      | Noticed kaeus's ghost (novice OpFi)
  8122 | D:5      | Found Yboxtil's General Store.
  8312 | D:5      | Reached skill level 5 in Spellcasting
  8578 | D:6      | HP: 2/49 [orc warrior/+0 glaive (15)]
  9158 | D:7      | Found a white marble altar of Elyvilon.
  9183 | D:7      | Found a flagged portal.
  9202 | Bailey   | Entered a bailey
  9768 | Bailey   | Found an iron altar of Okawaru.
  9768 | Bailey   | Noticed a kobold demonologist
  9769 | Bailey   | Noticed an orc sorcerer
  9783 | Bailey   | Noticed a hellwing
  9784 | Bailey   | Noticed an orange demon
  9791 | Bailey   | Noticed an orange demon
  9796 | Bailey   | Killed a kobold demonologist
  9801 | Bailey   | Killed an orc sorcerer
  9804 | Bailey   | Reached ** piety under Vehumet
  9804 | Bailey   | Offered knowledge of Freeze by Vehumet.
 10824 | Bailey   | Reached XP level 10. HP: 48/55 MP: 1/18
 11163 | Bailey   | HP: 2/55 [orc warrior/+0 war axe (10)]
 12148 | D:7      | Reached skill level 10 in Conjurations
 12399 | D:7      | Found an iron altar of Okawaru.
 13290 | D:8      | Offered knowledge of Frozen Ramparts by Vehumet.
 14056 | D:8      | Reached skill level 1 in Fighting
 14056 | D:8      | Reached skill level 1 in Armour
 14056 | D:8      | Reached skill level 1 in Shields
 14056 | D:8      | Reached skill level 10 in Fire Magic
 14077 | D:8      | Reached *** piety under Vehumet
 14078 | D:8      | Reached skill level 1 in Staves
 14960 | D:8      | Found a staircase to the Lair.
 15341 | D:8      | Found a shadowy altar of Dithmenos.
 15442 | D:8      | Reached XP level 11. HP: 49/62 MP: 10/20
 15444 | D:8      | Offered knowledge of Fulminant Prism by Vehumet.
 15747 | D:8      | Found a hazy altar of Hepliaklqana.
 16396 | D:9      | Reached **** piety under Vehumet
 16540 | D:9      | Learned a level 4 spell: Iskenderun's Mystic Blast
 17015 | D:9      | Offered knowledge of Lightning Bolt by Vehumet.
 17171 | D:9      | Found a staircase to the Orcish Mines.
 17707 | D:10     | Entered Level 10 of the Dungeon
 17842 | D:10     | Noticed a two-headed ogre
 17851 | D:10     | Killed a two-headed ogre
 17982 | D:10     | Noticed Urug
 17997 | D:10     | Killed Urug
 19255 | Lair:1   | Entered Level 1 of the Lair of Beasts
 19895 | Lair:1   | Reached XP level 12. HP: 48/72 MP: 4/22
 20438 | Lair:1   | HP: 2/108 [polar bear (13)]
 20441 | Lair:1   | Demolished by a polar bear

Illustrated notes

Levels and vault maps discovered:
D:1:      dpeg_arrival_fog, layout_rooms, minmay_shallow_snake_nest
D:2:      layout_basic
D:3:      kennysheep_big_flooded_room, layout_basic, nemelex_altar_shiori,
          minmay_overflow_temple_star_hex,
          chequers_ecumenical_altar_simple_redux,
          nicolae_ru_the_path_less_chosen
D:4:      layout_loops_ring, old_standard_altar, corexii_checkpoint_a
D:5:      layout_loops_cross, minmay_temple_entry_mini_moons, serial_shops,
          shop, shop_fountains, shop, ebering_ghost_rock_garden,
          lemuel_old_faithful
D:6:      layout_cave_pods, overflow_temple_1_default, serial_gnoll_camp,
          gnoll_camp_medium_01, gnoll_camp_mini_sergeant, gnoll_camp_huts_moat,
          gnoll_camp_mini_hut, uniq_blork_the_orc
D:7:      layout_basic, lemuel_crystal_altar, enter_bailey_5, elyvilon_altar_1
D:8:      layout_cave_pools, nicolae_overflow_crystal_walls, lemuel_round_altar,
          due_lair_maze_entry_diamond
D:9:      layout_roguey [special_room_orc], orc_0_dummy
D:10:     layout_irregular_city, serial_bayou, serial_bayou_pond_e,
          serial_bayou_pond_e, serial_bayou_shore_a, serial_bayou_shore_b,
          serial_bayou_crossing, serial_bayou_lagoon_b, uniq_urug
Temple:   compressed_dpeg_circular_temple
Lair:1:   beast_lair_carwin_large_1, layout_chaotic_city

Skill      XL: |  1  2  3  4  5  6  7  8  9 10 11 12 |
---------------+-------------------------------------+-----
Conjurations   | 2 3 4 5 6 7 9 10 11 | 11.0
Fire Magic     | 4 5 6 7 9 10 11 | 11.3
Spellcasting   | 3 4 5 6 7 |  7.3
Fighting       | 2 4 |  4.1
Armour         | 2 4 |  4.3
Shields        | 2 4 |  4.3
Staves         | 2 3 4 |  4.0
Dodging        | 2 3 |  3.8
Stealth        | |  2.1

Action                   |  1- 3 |  4- 6 |  7- 9 | 10-12 || total
-------------------------+-------+-------+-------+-------++-------
Melee: Unarmed           |    20 |       |       |       ||    20
       Falchion          |     6 |       |       |       ||     6
       Staff             |    12 |    23 |   187 |   396 ||   618
 Cast: Foxfire           |    51 |    81 |   312 |   387 ||   831
       Conjure Flame     |       |       |    14 |    23 ||    37
       Sticky Flame      |       |       |     6 |    56 ||    62
       Fireball          |       |       |       |    14 ||    14
       Iskenderun's Myst |       |       |       |     3 ||     3
  Use: Scroll            |     2 |       |     9 |     9 ||    20
       Potion            |       |     4 |     1 |     8 ||    13
 Stab: Sleeping          |     1 |       |       |       ||     1
Armor: Robe              |    12 |       |       |       ||    12
       Leather armour    |       |    19 |       |       ||    19
       Skin              |       |    32 |       |    15 ||    47
       Ring mail         |       |    10 |   184 |   313 ||   507
       Scale mail        |       |       |       |    67 ||    67
Dodge: Dodged            |    25 |    70 |   137 |   337 ||   569
Block: Buckler           |       |       |    26 |   186 ||   212
       Rpst.: Falchion   |     1 |       |       |       ||     1
